Cogmind - Beta 11 X7 @@@ ROGUE MODE // 2021.08.23 @ 16:19:20 Player: kasaphescent Result: Self-destructed Performance ------------- Evolutions (6) 3000 Regions Visited (15) 3000 Robots Destroyed (81) 405 Value Destroyed (3282) 3282 Prototype IDs (38) 760 Alien Tech Used (1) 200 Bonus (867) 867 TOTAL SCORE: 11514 Bonus ------- High Alert Combat Kills 267 Aligned with FarCom 300 Met Zhirov 300 Cogmind --------- Core Integrity 1026/1150 Matter 290/300 Energy 76/170 System Corruption 1% Temperature Cool (0) Movement Walking (120) Location -4/Factory Parts ------- > --- POWER (1) -------- Micro Fission Core > --- PROPULSION (6) --- Advanced Myomer Leg Advanced Myomer Leg Advanced Myomer Leg > --- UTILITY (8) ------ Advanced Power Amplifier Improved Heat Sink Large Storage Unit Improved Target Analyzer Layered Light Armor Plating Advanced Thermal Shield > --- WEAPON (4) ------- High-powered Shock Rifle Tesla Rifle Matter Neutralizer Heavy Neutron Cannon > --- INVENTORY (15) --- Antigrav System Antigrav System Advanced Heat Sink Improved Cooling System Particle Accelerator Experimental Power Shielding Skeleton Box Improved System Restoration Module Transdimensional Reconstructor Heavy Laser Makeshift Spear Peak State ------------ > --- POWER ------------ Light Antimatter Reactor > --- PROPULSION ------- Advanced Myomer Leg Advanced Myomer Leg Advanced Myomer Leg Antigrav System > --- UTILITY ---------- Advanced Power Amplifier Improved Heat Sink Advanced Cooling System Large Storage Unit Improved Target Analyzer Layered Light Armor Plating Advanced Thermal Shield > --- WEAPON ----------- Heavy Laser Matter Neutralizer Heavy Neutron Cannon > --- INVENTORY -------- Micro Fission Core Antigrav System Antigrav System Advanced Heat Sink Improved Cooling System Energy Filter Particle Accelerator Experimental Power Shielding Skeleton Box Improved System Restoration Module Transdimensional Reconstructor High-powered Shock Rifle Tesla Rifle Makeshift Spear [Rating: 96] Favorites ----------- Power Ion Engine Engine Ion Engine Power Core Light Nuclear Core Reactor Light Quantum Reactor Propulsion Aluminum Leg Treads Medium Treads Leg Aluminum Leg Hover Unit Gravmag Array Utility Improved Targeting Computer Device Advanced Heat Sink Storage Large Storage Unit Processor Improved Targeting Computer Protection Layered Light Armor Plating Weapon Medium Laser Energy Gun Medium Laser Energy Cannon Heavy Plasma Cannon Ballistic Gun Minigun Launcher Rocket Launcher Piercing Weapon Makeshift Spear Build | -11 -10 -10 -9 -9 -9 -8 -8 -7 -6 -5 -5 -5 -5 -4 -4 ------- Run | Scr Mat Min Mat Min Exi Min Mat Fac Fac Fac Upp Upp Zhi Pro Fac Slots Evolved 12 | . . . 2 . . . 2 2 2 2 . . . . 2 Power . | . . . . . . . . . . . . . . . . Propulsion 4 | . . . 2 . . . . . . 2 . . . . . Utility 6 | . . . . . . . 2 . 2 . . . . . 2 Weapon 2 | . . . . . . . . 2 . . . . . . . Parts Attached 135 | 6 7 . 4 . 1 . 8 4 21 18 4 34 9 7 12 Power 13 | 1 1 . . . . . . . 3 1 . 4 . 1 2 Engine 7 | 1 1 . . . . . . . 2 . . 3 . . . Core 3 | . . . . . . . . . 1 . . . . 1 1 Reactor 3 | . . . . . . . . . . 1 . 1 . . 1 Propulsion 29 | 2 2 . 2 . . . 1 . 9 1 2 6 3 1 . Treads 1 | . . . . . . . . . . . . 1 . . . Leg 21 | 2 2 . 2 . . . 1 . 7 . . 4 3 . . Wheel . | . . . . . . . . . . . . . . . . Hover 7 | . . . . . . . . . 2 1 2 1 . 1 . Flight . | . . . . . . . . . . . . . . . . Utility 53 | 1 4 . . . 1 . 4 1 7 7 1 15 5 3 4 Device 27 | . . . . . . . 1 1 3 5 1 9 3 1 3 Storage 5 | 1 2 . . . 1 . . . . . . 1 . . . Processor 7 | . 2 . . . . . 1 . 1 . . 2 . . 1 Hackware . | . . . . . . . . . . . . . . . . Protection 14 | . . . . . . . 2 . 3 2 . 3 2 2 . Artifact . | . . . . . . . . . . . . . . . . Weapon 40 | 2 . . 2 . . . 3 3 2 9 1 9 1 2 6 Energy Gun 21 | 1 . . . . . . 2 3 2 4 . 4 1 1 3 Energy Cannon 5 | . . . . . . . . . . 1 . 1 . . 3 Ballistic Gun 9 | 1 . . 2 . . . 1 . . 2 . 2 . 1 . Ballistic Cannon . | . . . . . . . . . . . . . . . . Launcher 4 | . . . . . . . . . . 2 1 1 . . . Special Weapon . | . . . . . . . . . . . . . . . . Impact Weapon . | . . . . . . . . . . . . . . . . Slashing Weapon . | . . . . . . . . . . . . . . . . Piercing Weapon 1 | . . . . . . . . . . . . 1 . . . Special Melee Weapon . | . . . . . . . . . . . . . . . . Unidentified Prototypes 6 | . . . . . . . 1 . . 1 . . 4 . . Corrupted Parts 2 | . . . . . . . . . . . . 1 . 1 . System Corruption 8 | . . . . . . . . . . . . 5 . 3 . Parts Lost 45 | . 1 . . . . . . . 4 6 2 15 . 12 5 Power 9 | . 1 . . . . . . . 1 1 . 3 . 2 1 Propulsion 11 | . . . . . . . . . 2 . 2 4 . 2 1 Utility 12 | . . . . . . . . . 1 2 . 2 . 5 2 Weapon 13 | . . . . . . . . . . 3 . 6 . 3 1 Highest Loss Streak 11 | . 1 . . . . . . . 1 3 2 8 . 11 4 Average Slot Usage (%) 84 | . 97 100 100 100 100 100 99 100 92 77 70 67 76 82 64 Engine 5 | . 14 14 11 11 11 11 9 7 4 3 . 3 5 4 . Leg 19 | . 28 28 44 44 44 44 36 30 21 . . 7 18 27 15 Hover 4 | . . . . . . . . . 2 17 17 7 3 . 5 Device 10 | . . . . . . . 3 6 12 11 21 16 11 10 18 Storage 6 | . 14 14 11 11 11 11 9 7 6 5 5 4 5 5 5 Processor 8 | . 11 14 11 11 11 11 18 15 13 8 5 3 5 . 2 Protection 4 | . . . . . . . 5 . 4 5 . 6 10 10 5 Energy Gun 11 | . 14 14 8 . . . 8 26 23 16 12 4 1 8 . Energy Cannon 1 | . . . . . . . . . . 1 . . . . 7 Ballistic Gun 5 | . 14 14 13 22 22 22 10 3 . 1 . 4 5 9 . Naked Turns 2 | . . . . . . . . . . . . 2 . . . Heaviest Build 69 | 13 28 28 28 27 27 27 39 44 51 57 57 61 51 57 69 Greatest Support 120 | 20 20 20 40 40 40 40 43 43 70 60 60 51 120 120 90 Greatest Overweight (x) 4 | 4 1 1 . . . . . 1 1 . . 2 1 . . Average Overweight (x) . | . . 1 . . . . . . . . . 1 . . . Largest Inventory Capacity 15 | 8 15 15 15 15 15 15 15 15 15 15 15 15 15 15 15 Average Capacity 14 | 7 10 15 15 15 15 15 15 15 15 15 15 14 15 15 15 Most Carried 15 | 6 10 11 14 13 15 15 15 15 15 12 13 15 14 14 15 Average Carried 12 | 4 7 10 9 13 14 15 14 14 14 10 11 8 10 13 12 Final Capacity 15 | 8 15 15 15 15 15 15 15 15 15 15 15 15 15 15 15 Final Carried 15 | 5 10 11 13 13 15 15 15 15 14 10 13 9 14 11 11 Class Distribution -------------------- 32% | Mutant 31% | Gunner 26% | Scavenger-Mutant 3% | Scavenger-Tank Dominant Class ---------------- Mutant | -10/Materials Mutant | -10/Mines Scavenger-Mutant | -9/Materials Scavenger-Mutant | -9/Mines Scavenger-Mutant | -9/Exiles Scavenger-Mutant | -8/Mines Mutant | -8/Materials Gunner | -7/Factory Gunner | -6/Factory Gunner | -5/Factory Mutant | -5/Upper Caves Mutant | -5/Upper Caves Scavenger-Mutant | -5/Zhirov Scavenger-Tank | -4/Proximity Caves Scavenger-Mutant | -4/Factory Resources | -11 -10 -10 -9 -9 -9 -8 -8 -7 -6 -5 -5 -5 -5 -4 -4 ----------- Run | Scr Mat Min Mat Min Exi Min Mat Fac Fac Fac Upp Upp Zhi Pro Fac Matter Collected 2250 | 262 86 10 31 133 10 . 290 40 195 60 225 572 100 94 142 Remotely . | . . . . . . . . . . . . . . . . Salvage Created 3892 | 54 315 . 42 57 . . 204 186 586 520 212 717 412 198 389 Parts 144 | 2 14 . 8 5 . . 17 5 17 10 5 22 8 13 18 Haulers Intercepted 2 | . 1 . . . . . . . . 1 . . . . . Recyclers Shooed 3 | . 1 . . . . . . . 1 . . . . . 1 Parts Field Recycled . | . . . . . . . . . . . . . . . . Retrieved Matter . | . . . . . . . . . . . . . . . . Parts Self-Destructed 36 | . . . . . . . . . . . 3 23 3 7 . Prevented 3 | . . . . . . . . . . . . . . 3 . Kills | -11 -10 -10 -9 -9 -9 -8 -8 -7 -6 -5 -5 -5 -5 -4 -4 ------- Run | Scr Mat Min Mat Min Exi Min Mat Fac Fac Fac Upp Upp Zhi Pro Fac Combat Hostiles Destroyed 70 | . 4 . 3 3 . . 5 2 13 11 6 11 . 4 8 Guns 50 | . 4 . 3 3 . . 5 1 11 5 3 11 . 4 . Cannons 10 | . . . . . . . . . . 3 . . . . 7 AOE 5 | . . . . . . . . . . 2 3 . . . . Classes Destroyed 13 | 1 2 . 1 . . . 3 . 1 4 . 1 . . . Worker 2 | . . . . . . . 1 . 1 . . . . . . Builder 1 | . . . . . . . . . . 1 . . . . . Hauler 2 | . 1 . . . . . . . . 1 . . . . . Recycler 5 | 1 1 . . . . . . 1 1 . . . . . 1 Watcher 1 | . . . . . . . 1 . . . . . . . . Swarmer 19 | . . . 3 3 . . 3 . 6 . . . . 2 2 Saboteur 1 | . . . . . . . . . . 1 . . . . . Grunt 29 | . 4 . . . . . . . . 8 5 8 . . 4 Brawler 2 | . . . . . . . . . . 1 . 1 . . . Protector 1 | . . . . . . . . . . 1 . . . . . Sentry 7 | . . . . . . . 2 2 2 . . . . 1 . Hunter 2 | . . . . . . . . . . . . 2 . . . Programmer 9 | . . . . . . . . . 5 . 1 . . 1 2 Best Kill Streak 5 | 1 3 . 3 3 . . 3 1 4 5 5 5 . 3 4 Combat Bots Only 5 | . 2 . 3 3 . . 3 1 3 4 5 5 . 3 4 Max Kills in Single Turn 2 | 1 1 . 1 1 . . 1 1 2 1 2 1 . 1 1 Gunslinging 1 | . . . . . . . . . 1 . . . . . . Exploded 2 | . . . . . . . . . . 1 2 . . . . Melee . | . . . . . . . . . . . . . . . . Uniques/NPCs Destroyed . | . . . . . . . . . . . . . . . . Combat | -11 -10 -10 -9 -9 -9 -8 -8 -7 -6 -5 -5 -5 -5 -4 -4 -------- Run | Scr Mat Min Mat Min Exi Min Mat Fac Fac Fac Upp Upp Zhi Pro Fac Damage Taken 6883 | . 397 . 65 113 . . 145 108 1062 870 503 1528 . 1036 1056 Core 921 | . 110 . 28 26 . . 22 12 143 139 42 171 . 104 124 Absorbed by Shields . | . . . . . . . . . . . . . . . . Core Remaining (%) 81 | 100 . 56 . . . 86 96 98 83 . . . . 54 . Volleys Fired 261 | 2 26 . 6 9 . 2 14 7 40 38 16 50 . 19 32 Largest 4 | 2 2 . 2 2 . 2 2 4 4 4 3 2 . 3 2 Hottest 253 | 70 70 . 70 40 . 40 88 228 253 253 231 106 . 129 215 Shots Fired 561 | 4 52 . 12 18 . 4 28 27 123 77 33 77 . 49 57 Gun 466 | 4 52 . 12 18 . 4 28 27 123 45 28 74 . 49 2 Cannon 78 | . . . . . . . . . . 23 . . . . 55 Launcher 17 | . . . . . . . . . . 9 5 3 . . . Special . | . . . . . . . . . . . . . . . . Kinetic 146 | 2 26 . 6 18 . 4 14 . . 4 . 42 . 30 . Thermal 385 | 2 26 . 6 . . . 14 27 123 64 28 27 . 13 55 Explosive 17 | . . . . . . . . . . 9 5 3 . . . Electromagnetic 13 | . . . . . . . . . . . . 5 . 6 2 Robot Hit Streak 32 | 3 7 . 12 4 . 3 10 14 32 22 9 14 . 5 14 Robot Miss Streak 4 | 1 2 . . 3 . 1 1 1 3 2 1 2 . 4 4 Penetration Max . | . . . . . . . . . . . . . . . . Secondary Targets 6 | . . . . . . . 1 . 1 . 1 3 . . . Max Gunslinging Chain 1 | . . . . . . . 1 . 1 . 1 1 . . . Shots Hit Robots 391 | 3 36 . 5 11 . 3 20 20 95 55 23 54 10 24 32 Core Hits 183 | 2 14 . 3 6 . 1 10 5 32 41 19 23 5 10 12 Critical Kills 6 | . . . . . . . . . . . . 5 . . 1 Critical Parts Destroyed 5 | . . . . . . . . . . . 1 4 . . . Critical Strikes 25 | 1 . . . . . . . 2 6 . 4 9 . 2 1 Burn 14 | 1 . . . . . . . 2 6 . 3 . . 2 . Meltdown 1 | . . . . . . . . . . . . . . . 1 Destroy 10 | . . . . . . . . . . . 1 9 . . . Melee Attacks 10 | . . . . . . . . . . . . . 10 . . Impact . | . . . . . . . . . . . . . . . . Slashing . | . . . . . . . . . . . . . . . . Piercing 10 | . . . . . . . . . . . . . 10 . . Sneak Attacks . | . . . . . . . . . . . . . . . . Combat Hostiles . | . . . . . . . . . . . . . . . . Follow-up Attacks . | . . . . . . . . . . . . . . . . Damage Inflicted 10345 | 34 353 . 59 109 . 26 349 287 1519 2543 1179 1219 964 493 1211 Guns 5425 | 34 353 . 59 109 . 26 349 287 1519 705 452 1039 . 493 . Cannons 1697 | . . . . . . . . . . 486 . . . . 1211 Explosions 2259 | . . . . . . . . . . 1352 727 180 . . . Melee 964 | . . . . . . . . . . . . . 964 . . Ramming . | . . . . . . . . . . . . . . . . Kinetic 1209 | 9 142 . 7 109 . 26 144 . . 18 . 510 . 244 . Thermal 5733 | 25 211 . 52 . . . 205 287 1519 1173 452 432 . 166 1211 Explosive 2259 | . . . . . . . . . . 1352 727 180 . . . Electromagnetic 180 | . . . . . . . . . . . . 97 . 83 . Impact . | . . . . . . . . . . . . . . . . Slashing . | . . . . . . . . . . . . . . . . Piercing 964 | . . . . . . . . . . . . . 964 . . Highest Corruption 5 | . . . . . . . . 1 1 1 . 5 . 4 1 Average Corruption 1 | . . . . . . . . 1 1 1 . 4 . 3 1 Corruption Purged 6 | . . . . . . . . . . 1 . 5 . . . Effects 17 | . . . . . . . . 1 1 1 . 9 . 3 2 Message Errors 5 | . . . . . . . . 1 1 1 . . . . 2 Matter Fused 3 | . . . . . . . . . . . . 3 . . . Heat Flow Errors 5 | . . . . . . . . . . . . 2 . 3 . Energy Discharges 2 | . . . . . . . . . . . . 2 . . . Data Loss (minor) 2 | . . . . . . . . . . . . 2 . . . Overload Shots . | . . . . . . . . . . . . . . . . Overflow Damage 321 | . . . . . . . . . . 15 . . 215 . 91 Projectiles 91 | . . . . . . . . . . . . . . . 91 Explosions 15 | . . . . . . . . . . 15 . . . . . Melee 215 | . . . . . . . . . . . . . 215 . . Knockbacks . | . . . . . . . . . . . . . . . . Impact . | . . . . . . . . . . . . . . . . Kinetic . | . . . . . . . . . . . . . . . . Secondary . | . . . . . . . . . . . . . . . . Self-Inflicted Damage 41 | . . . . . . . . . . 32 . 9 . . . Shots 2 | . . . . . . . . . . 1 . 1 . . . Rammed . | . . . . . . . . . . . . . . . . Targets Rammed . | . . . . . . . . . . . . . . . . Kicked . | . . . . . . . . . . . . . . . . Crushed . | . . . . . . . . . . . . . . . . Highest Temperature 338 | 40 313 . 50 . . . 72 192 274 201 338 234 . 204 78 Average Temperature 81 | 20 95 . 25 . . . 29 77 103 44 187 37 . 86 28 Received Heat Transfer 1616 | . 231 . . . . . 27 24 90 343 201 384 . 18 298 Effects 2 | . . . . . . . . . 1 . 1 . . . . Energy Bleed 1 | . . . . . . . . . . . 1 . . . . Interference 1 | . . . . . . . . . 1 . . . . . . Siege Activations . | . . . . . . . . . . . . . . . . Robots Corrupted . | . . . . . . . . . . . . . . . . Combat Hostiles . | . . . . . . . . . . . . . . . . Parts Fried 1 | . . . . . . . . . . . . 1 . . . Impact Corruptions . | . . . . . . . . . . . . . . . . Robots Melted 5 | . . . . . . . . 1 2 1 . . . . 1 Combat Hostiles 5 | . . . . . . . . 1 2 1 . . . . 1 Parts Melted 42 | 2 1 . 2 . . . 2 3 20 5 3 1 . 1 2 Heat Transferred 12063 | 148 629 . 148 . . . 444 888 4009 2283 1198 666 . 370 1280 Parts Sabotaged . | . . . . . . . . . . . . . . . . Parts Stolen . | . . . . . . . . . . . . . . . . Parts Stripped . | . . . . . . . . . . . . . . . . Power Chain Reactions . | . . . . . . . . . . . . . . . . Missiles Intercepted . | . . . . . . . . . . . . . . . . Alert | -11 -10 -10 -9 -9 -9 -8 -8 -7 -6 -5 -5 -5 -5 -4 -4 ------- Run | Scr Mat Min Mat Min Exi Min Mat Fac Fac Fac Upp Upp Zhi Pro Fac Peak Influence 706 | 5 150 58 133 121 . . 230 143 182 706 . . . . 215 Initial 70 | . 3 58 22 51 . . . 15 70 34 . . . . . Average 111 | 1 60 58 74 113 . . 105 43 75 323 . . . . 53 Maximum Alert Level 3 | . . . . . . . 1 . . 3 . . . . 1 Low Security (%) 85 | 100 100 100 100 100 . 100 62 100 100 38 . . . . 98 Level 1 7 | . . . . . . . 37 . . 19 . . . . 1 Level 2 6 | . . . . . . . . . . 40 . . . . . Level 3 . | . . . . . . . . . . 1 . . . . . Level 4 . | . . . . . . . . . . . . . . . . Level 5 . | . . . . . . . . . . . . . . . . High Security . | . . . . . . . . . . . . . . . . Max Security . | . . . . . . . . . . . . . . . . Squads Dispatched 13 | . 1 . 1 . . . . 2 4 4 . . . . 1 Investigation . | . . . . . . . . . . . . . . . . Extermination 5 | . . . . . . . . 1 3 . . . . . 1 Reinforcement 6 | . 1 . 1 . . . . 1 1 2 . . . . . Assault 2 | . . . . . . . . . . 2 . . . . . Garrison . | . . . . . . . . . . . . . . . . Intercept . | . . . . . . . . . . . . . . . . Construction Impeded 1 | . . . . . . . . . . 1 . . . . . Haulers Reinforced . | . . . . . . . . . . . . . . . . Active Scanning Responses . | . . . . . . . . . . . . . . . . Cargo Convoy Interrupts . | . . . . . . . . . . . . . . . . Stealth | -11 -10 -10 -9 -9 -9 -8 -8 -7 -6 -5 -5 -5 -5 -4 -4 --------- Run | Scr Mat Min Mat Min Exi Min Mat Fac Fac Fac Upp Upp Zhi Pro Fac Distress Signals 5 | . 2 . . . . . 1 . . 1 . . . . 1 Communications Jammed . | . . . . . . . . . . . . . . . . Distress Signals . | . . . . . . . . . . . . . . . . Times Spotted 110 | . 8 . 4 3 . . 8 3 22 26 7 12 . 6 11 Peak Tracking Total 8 | . 5 . 3 3 . . 5 2 4 8 5 5 . 3 4 Tactical Retreats 11 | . . . . . . . . . 5 5 . 1 . . . Traps | -11 -10 -10 -9 -9 -9 -8 -8 -7 -6 -5 -5 -5 -5 -4 -4 ------- Run | Scr Mat Min Mat Min Exi Min Mat Fac Fac Fac Upp Upp Zhi Pro Fac Traps Triggered 4 | . . . . . . . . 1 2 1 . . . . . Indirectly . | . . . . . . . . . . . . . . . . Trap Hack Attempts . | . . . . . . . . . . . . . . . . Triggered . | . . . . . . . . . . . . . . . . Disarmed . | . . . . . . . . . . . . . . . . Reprogrammed . | . . . . . . . . . . . . . . . . Reused . | . . . . . . . . . . . . . . . . Traps Extracted . | . . . . . . . . . . . . . . . . Installed . | . . . . . . . . . . . . . . . . Triggered 1 | . . . . . . . . . . . . 1 . . . Exploded 1 | . . . . . . . . . . 1 . . . . . Machines | -11 -10 -10 -9 -9 -9 -8 -8 -7 -6 -5 -5 -5 -5 -4 -4 ---------- Run | Scr Mat Min Mat Min Exi Min Mat Fac Fac Fac Upp Upp Zhi Pro Fac Machines Disabled 2 | . . . . . . . . . . 2 . . . . . Max in Single Turn 1 | . . . . . . . . . . 1 . . . . . Garrison Access 2 | . . . . . . . . . 1 . . . . . 1 Machines Sabotaged . | . . . . . . . . . . . . . . . . Garrisons Compromised . | . . . . . . . . . . . . . . . . Overloaded Fab Kills . | . . . . . . . . . . . . . . . . Fab Network Shutdowns 1 | . . . . . . . . . . 1 . . . . . Hacking | -11 -10 -10 -9 -9 -9 -8 -8 -7 -6 -5 -5 -5 -5 -4 -4 --------- Run | Scr Mat Min Mat Min Exi Min Mat Fac Fac Fac Upp Upp Zhi Pro Fac Machines Accessed 23 | . . . 1 . 2 . 4 2 5 2 . 1 4 . 2 Terminals 13 | . . . 1 . . . 4 2 3 1 . 1 . . 1 Fabricators 1 | . . . . . . . . . . 1 . . . . . Repair Stations 1 | . . . . . . . . . 1 . . . . . . Recycling Units . | . . . . . . . . . . . . . . . . Scanalyzers . | . . . . . . . . . . . . . . . . Garrison Access 2 | . . . . . . . . . 1 . . . . . 1 Total Hacks 90 | . . . 3 . 24 . 12 5 19 4 . 1 17 . 5 Successful 67 | . . . 2 . 24 . 7 3 8 2 . 1 17 . 3 Failed 23 | . . . 1 . . . 5 2 11 2 . . . . 2 Catastrophic 1 | . . . . . . . . . 1 . . . . . . Database Lockouts . | . . . . . . . . . . . . . . . . Manual 33 | . . . 2 . 1 . 9 3 12 2 . . . . 4 Terminals 41 | . . . 3 . . . 12 5 14 2 . 1 . . 4 Fabricators 2 | . . . . . . . . . . 2 . . . . . Repair Stations 2 | . . . . . . . . . 2 . . . . . . Recycling Units . | . . . . . . . . . . . . . . . . Scanalyzers . | . . . . . . . . . . . . . . . . Garrison Access 4 | . . . . . . . . . 3 . . . . . 1 Terminal Hacks 50 | . . . 1 . 24 . 3 1 3 . . 1 17 . . Record 29 | . . . . . 23 . . . . . . 1 5 . . Part Schematic 4 | . . . . . . . . . . . . . 4 . . Robot Analysis 4 | . . . . . . . . . . . . . 4 . . Prototype ID Bank 4 | . . . . . . . . . . . . . 4 . . Level Access Points 1 | . . . 1 . . . . . . . . . . . . Alert Level 1 | . . . . . . . 1 . . . . . . . . Unreport Threat 3 | . . . . . . . . . 3 . . . . . . Locate Traps 1 | . . . . . . . . 1 . . . . . . . Patrol Status 1 | . . . . . . . 1 . . . . . . . . Zone Layout 1 | . . . . . . . 1 . . . . . . . . EX-Prototype ID Bank 1 | . . . . . 1 . . . . . . . . . . Fabricator Hacks 1 | . . . . . . . . . . 1 . . . . . Build 1 | . . . . . . . . . . 1 . . . . . Repair Station Hacks 1 | . . . . . . . . . 1 . . . . . . Scan Component 1 | . . . . . . . . . 1 . . . . . . Recycling Unit Hacks . | . . . . . . . . . . . . . . . . Scanalyzer . | . . . . . . . . . . . . . . . . Garrison Access Hacks 2 | . . . . . . . . . 1 . . . . . 1 Seal Access 2 | . . . . . . . . . 1 . . . . . 1 Unauthorized Hacks 13 | . . . 1 . . . 4 2 3 1 . . . . 2 Terminals 13 | . . . 1 . . . 4 2 3 1 . . . . 2 Track 1 | . . . 1 . . . . . . . . . . . . Assimilate 1 | . . . . . . . . . . . . . . . 1 Botnet 10 | . . . . . . . 3 2 3 1 . . . . 1 Operators 1 | . . . . . . . 1 . . . . . . . . Fabricators . | . . . . . . . . . . . . . . . . Repair Stations . | . . . . . . . . . . . . . . . . Recycling Units . | . . . . . . . . . . . . . . . . Scanalyzers . | . . . . . . . . . . . . . . . . Garrison Access . | . . . . . . . . . . . . . . . . Data Cores Recovered . | . . . . . . . . . . . . . . . . Used . | . . . . . . . . . . . . . . . . Hacking Detections 14 | . . . 1 . . . 3 2 5 2 . . . . 1 Full Trace Events . | . . . . . . . . . . . . . . . . Feedback Events . | . . . . . . . . . . . . . . . . Feedback Blocked . | . . . . . . . . . . . . . . . . Robot Schematics Acquired . | . . . . . . . . . . . . . . . . Robots Built . | . . . . . . . . . . . . . . . . Matter . | . . . . . . . . . . . . . . . . Time . | . . . . . . . . . . . . . . . . Total Robot Build Rating . | . . . . . . . . . . . . . . . . Part Schematics Acquired 4 | . . . . . . . . . . . . . 4 . . Parts Built 2 | . . . . . . . . . . 2 . . . . . Matter 278 | . . . . . . . . . . 278 . . . . . Time 69 | . . . . . . . . . . 69 . . . . . Total Part Build Rating 18 | . . . . . . . . . . 18 . . . . . Parts Repaired . | . . . . . . . . . . . . . . . . Time . | . . . . . . . . . . . . . . . . Parts Recycled . | . . . . . . . . . . . . . . . . Recycled Matter . | . . . . . . . . . . . . . . . . Retrieved Matter . | . . . . . . . . . . . . . . . . Retrieved Components . | . . . . . . . . . . . . . . . . Parts Scanalyzed . | . . . . . . . . . . . . . . . . Part Schematics Acquired . | . . . . . . . . . . . . . . . . Parts Damaged . | . . . . . . . . . . . . . . . . Bothacking | -11 -10 -10 -9 -9 -9 -8 -8 -7 -6 -5 -5 -5 -5 -4 -4 ------------ Run | Scr Mat Min Mat Min Exi Min Mat Fac Fac Fac Upp Upp Zhi Pro Fac Used RIF Installer . | . . . . . . . . . . . . . . . . Robots Hacked . | . . . . . . . . . . . . . . . . Non-combat . | . . . . . . . . . . . . . . . . Combat . | . . . . . . . . . . . . . . . . Robot Hacks Applied . | . . . . . . . . . . . . . . . . Relay Couplers Released 4 | . . . . . . . . . 4 . . . . . . Programmers 4 | . . . . . . . . . 4 . . . . . . Robots Rewired . | . . . . . . . . . . . . . . . . Allies Hacked . | . . . . . . . . . . . . . . . . Hacks Repelled . | . . . . . . . . . . . . . . . . Allies | -11 -10 -10 -9 -9 -9 -8 -8 -7 -6 -5 -5 -5 -5 -4 -4 -------- Run | Scr Mat Min Mat Min Exi Min Mat Fac Fac Fac Upp Upp Zhi Pro Fac Total Allies 1 | . . . . . . . . . . . . . . . 1 Largest Group 1 | . . . . . . . . . . . . . . . 1 Highest-Rated Group 26 | . . . . . . . . . . . . . . . 26 Highest-Rated Ally 26 | . . . . . . . . . . . . . . . 26 Total Orders . | . . . . . . . . . . . . . . . . Ally Attacks . | . . . . . . . . . . . . . . . . Total Damage . | . . . . . . . . . . . . . . . . Kills . | . . . . . . . . . . . . . . . . Allies Corrupted . | . . . . . . . . . . . . . . . . Allies Melted . | . . . . . . . . . . . . . . . . Intel | -11 -10 -10 -9 -9 -9 -8 -8 -7 -6 -5 -5 -5 -5 -4 -4 ------- Run | Scr Mat Min Mat Min Exi Min Mat Fac Fac Fac Upp Upp Zhi Pro Fac Robot Analysis Total 4 | . . . . . . . . . . . . . 4 . . Derelict Logs Recovered . | . . . . . . . . . . . . . . . . Drone Launches . | . . . . . . . . . . . . . . . . Drone Recoveries . | . . . . . . . . . . . . . . . . Exploration | -11 -10 -10 -9 -9 -9 -8 -8 -7 -6 -5 -5 -5 -5 -4 -4 ------------- Run | Scr Mat Min Mat Min Exi Min Mat Fac Fac Fac Upp Upp Zhi Pro Fac Turns Passed 6836 | 69 316 208 141 107 312 65 538 331 1369 777 308 935 309 289 762 Spaces Moved 4672 | 41 167 102 94 70 256 48 300 230 926 776 450 509 165 188 350 Core 28 | 20 . . . . . . . . . . . 8 . . . Treads . | . . . . . . . . . . . . . . . . Legs 2782 | 21 167 102 94 70 256 48 300 230 649 . . 142 165 188 350 Wheels . | . . . . . . . . . . . . . . . . Hover 1862 | . . . . . . . . . 277 776 450 359 . . . Flight . | . . . . . . . . . . . . . . . . Fastest Speed 50 | 50 120 200 120 120 120 120 120 120 56 52 52 50 120 120 120 Average Speed 107 | 114 127 200 120 120 120 120 120 121 115 52 52 147 162 120 120 Slowest Speed 250 | 250 200 200 120 120 120 120 120 200 200 52 52 200 200 120 120 Overloaded Moves . | . . . . . . . . . . . . . . . . Propulsion Burnouts . | . . . . . . . . . . . . . . . . Robots Hopped . | . . . . . . . . . . . . . . . . Cave-ins Triggered . | . . . . . . . . . . . . . . . . Exploration Rate (%) 29 | 4 23 32 14 11 62 17 34 8 29 19 64 53 60 37 3 Regions Visited 15 Branch Regions 8 Pre-discovered Areas 4 | . . . . . 1 . . . . . . . 3 . . Known Exits Taken 1 | . . . . . . 1 . . . . . . . . . Unknown Exits Taken 14 | 1 1 1 1 1 1 . 1 1 1 1 1 1 1 1 . Scrap Searched 10 | . . 1 . 1 . . . . . . 4 4 . . . Spaces Dug 20 | . . . . . . . . . . 7 . 7 . . 6 Terrain Destroyed 94 | . . . . . . . . . . 44 13 16 . . 21 Melee . | . . . . . . . . . . . . . . . . Projectile 25 | . . . . . . . . . . 4 . . . . 21 AOE 69 | . . . . . . . . . . 40 13 16 . . . Terrain Rammed . | . . . . . . . . . . . . . . . . Walls Destroyed . | . . . . . . . . . . . . . . . . Machines Disabled . | . . . . . . . . . . . . . . . . Actions | -11 -10 -10 -9 -9 -9 -8 -8 -7 -6 -5 -5 -5 -5 -4 -4 --------- Run | Scr Mat Min Mat Min Exi Min Mat Fac Fac Fac Upp Upp Zhi Pro Fac Total 5996 | 57 227 107 112 78 263 52 456 265 1143 1078 495 617 193 217 636 Wait 784 | . 10 5 . . . 3 126 18 120 238 20 12 . 4 228 Move 4657 | 40 166 101 93 69 255 47 299 229 925 775 449 508 164 187 350 Hop . | . . . . . . . . . . . . . . . . Pick Up 73 | 7 10 1 5 . 4 . 2 4 12 4 3 8 4 . 9 Fast Attach 54 | 6 2 . 1 . . . 2 1 5 5 1 18 5 4 4 Attach 45 | . 1 . 2 . . . 1 2 6 8 2 11 1 3 8 Detach 21 | . 1 . 1 . . . 1 . 3 3 3 4 3 . 2 Swap 37 | . 4 . 1 . 1 . 5 1 10 5 1 5 4 . . Drop 54 | 2 7 . 3 . 3 . 6 3 22 2 . 1 2 . 3 Fire 261 | 2 26 . 6 9 . 2 14 7 40 38 16 50 . 19 32 Melee 10 | . . . . . . . . . . . . . 10 . . Ram . | . . . . . . . . . . . . . . . . Kick . | . . . . . . . . . . . . . . . . Crush . | . . . . . . . . . . . . . . . . Escape Stasis . | . . . . . . . . . . . . . . . . Rewire . | . . . . . . . . . . . . . . . . Trap . | . . . . . . . . . . . . . . . . Miscellaneous . | . . . . . . . . . . . . . . . . Route ------- -11/Scrapyard -10/Materials -10/Mines -9/Materials (discovered 4 exits: Mat x3 / [*Min]) -9/Mines (discovered 2 exits: *Mat / *Exi) -9/Exiles -8/Mines -8/Materials -7/Factory -6/Factory -5/Factory -5/Upper Caves -5/Upper Caves (discovered 2 exits: *Fac / *Zhi) -5/Zhirov -4/Proximity Caves -4/Factory History --------- Turn | Location | Event 9 | -11/Scrapyard | Discovered new exit (range 15) 70 | -11/Scrapyard | Entered Materials 330 | -10/Materials | Build established: Mutant 368 | -10/Materials | Discovered new exit (range 10) 386 | -10/Materials | Entered Mines 535 | -10/Mines | Received a Rocket Launcher from a helpful Derelict 580 | -10/Mines | Discovered new exit (range 7) 594 | -10/Mines | Entered Materials 594 | -9/Materials | Evolved 2 slots: Propulsion x2 629 | -9/Materials | Identified exit to Materials 718 | -9/Materials | Discovered new exit (range 6) 735 | -9/Materials | Entered Mines 757 | -9/Mines | Met a Derelict bent on vengeance 786 | -9/Mines | Discovered exit to Materials (range 12) 836 | -9/Mines | Deemed a non-threat by the Exiles lab entrance 837 | -9/Mines | Discovered new exit (range 5) 842 | -9/Mines | Entered Exiles 877 | -9/Exiles | Met 8R-AWN 893 | -9/Exiles | Build established: Scavenger-Mutant 898 | -9/Exiles | Met EX-HEX 932 | -9/Exiles | Met EX-BIN 949 | -9/Exiles | Aligned with FarCom system 950 | -9/Exiles | Given EX-Vault access code 979 | -9/Exiles | Opened EX-Vault 989 | -9/Exiles | Found Skeleton Box 1015 | -9/Exiles | Warned to stay clear of 0b10 Research branches 1051 | -9/Exiles | Met EX-DEC 1063 | -9/Exiles | Learned location of Zion (-6) 1145 | -9/Exiles | Discovered new exit (range 10) 1154 | -9/Exiles | Left Exiles lab with Skeleton Box 1154 | -9/Exiles | Entered Mines 1214 | -8/Mines | Discovered exit to Materials (range 3) 1219 | -8/Mines | Entered Materials 1219 | -8/Materials | Evolved 2 slots: Utility x2 1717 | -8/Materials | Discovered new exit (range 16) 1744 | -8/Materials | Build established: Mutant 1757 | -8/Materials | Entered Factory 1757 | -7/Factory | Evolved 2 slots: Weapon x2 2045 | -7/Factory | Discovered new exit (range 7) 2068 | -7/Factory | Build established: Gunner 2088 | -7/Factory | Entered another Factory area 2088 | -6/Factory | Evolved 2 slots: Utility x2 3439 | -6/Factory | Discovered new exit (range 16) 3457 | -6/Factory | Entered another Factory area 3457 | -5/Factory | Evolved 2 slots: Propulsion x2 3568 | -5/Factory | Fabricated Lgt. Quantum Reactor (x2) 3755 | -5/Factory | Local fabrication network quarantined 3757 | -5/Factory | First assault squad dispatched 3994 | -5/Factory | Lost 3 parts (1p1u1w) 4231 | -5/Factory | Discovered new exit (range 6) 4234 | -5/Factory | Entered Upper Caves 4459 | -5/Upper Caves | Encountered a Warlord checkpoint 4539 | -5/Upper Caves | Discovered new exit (range 5) 4542 | -5/Upper Caves | Entered another Upper Caves area 4589 | -5/Upper Caves | Build established: Mutant 4682 | -5/Upper Caves | Lost 8 parts (1p1n2u4w) 4774 | -5/Upper Caves | Discovered new exit (range 5) 5163 | -5/Upper Caves | Released all parts (10) 5192 | -5/Upper Caves | Lost 5 parts (1p2n2w) 5450 | -5/Upper Caves | Discovered new exit (range 11) 5477 | -5/Upper Caves | Entered Zhirov 5477 | -5/Zhirov | Discovered new exit (range 3) 5513 | -5/Zhirov | Met Zhirov 5557 | -5/Zhirov | Learned location of Quarantine (-2) 5557 | -5/Zhirov | Learned location of Testing (-3) 5557 | -5/Zhirov | Learned location of Command (-1) 5569 | -5/Zhirov | Zhirov requested help retrieving the SGEMP Prototype 5602 | -5/Zhirov | Found Alien Artifact 5602 | -5/Zhirov | Identified Integrated Dissipator 5602 | -5/Zhirov | Installed Integrated Dissipator, increased core heat dissipation (+20) 5626 | -5/Zhirov | Found Alien Artifact 5737 | -5/Zhirov | Build established: Scavenger-Mutant 5786 | -5/Zhirov | Entered Proximity Caves 5815 | -4/Proximity Caves | Attracted the attention of an 0b10 checkpoint 6001 | -4/Proximity Caves | Discovered new exit (range 14) 6075 | -4/Proximity Caves | Entered Factory 6075 | -4/Factory | Evolved 2 slots: Utility x2 6100 | -4/Factory | Lost 11 parts (2p2n4u3w) 6837 | -4/Factory | Self-destructed Last Messages --------------- 06712_ G-67 Veteran destroyed. 06715_ R-10 Processor collects Adv. Heat Sink. 06716_ Destroyed Com. Wheel. 06719_ Acquired 10 matter. 06723_ Acquired Unknown Energy Gun. 06723_ Identified Hvy. Laser. 06725_ Acquired 10 matter. 06730_ Connecting with Terminal... 06807_ S-27 Virus destroyed. 06807_ Lgt. Antimatter Reactor destroyed. 06809_ Adv. Cooling System destroyed. 06814_ U-05 Engineer builds a Wall. 06815_ Destroyed VTOL Module. 06818_ Acquired 20 matter. 06820_ S-27 Virus destroyed. 06823_ Energy Filter destroyed. 06827_ U-05 Engineer builds a Wall. 06828_ Acquired 5 matter. 06831_ U-05 Engineer builds a Wall. 06835_ Antigrav System destroyed. Map ----- +----------------------------------------------------+ | ??????????????????????????????????????????????? | | ??????????????????????????????????????????????? | | ??????????????????????????????????????????????? | | ??????????????????????????????????????????????? | | ?????????????????????????###??????????????????? | | ????????????????????????? ??????????????????? | | ?????????????????????????# #??????????????????? | | ?????????????????????????# #??????????????????? | | ?????????????????????????# #??????????????????? | | ?????????????????????????# #??????????????????? | | ?????????????????????????# #??##??????????????? | | ???????????????????????###+#####??????????????? | | ???????????????????????# #???????????????? | | ???????????????????????# """ #???????????????? | | ???????????????????????# """ #???????????????? | | ???????????????????????# """ #???????????????? | | ??????????????########## #???????????????? | | ??????????????# # """ #???????????????? | | ??????????????# # """ #???????????????? | | ??????????????# # """ #???????????????? | | ??????????????# # #???????????????? | | ??????????????# # #???????????????? | | ??????????????# # """ #???????????????? | | ??????????????# # "G #???????????????? | | ###########???# # """ #???????????????? | | # """"""" #??#; ss%@# ##?? ""?????????? | | # """"""" #######;;/######+##### """????????? | | # """"""" # %= ?????? | | # """"""" # "" ????????? | | # # "" ????????? | | # ! + ^^ ""?????????? | | # ! # ^ ""?????????? | | # !/ !# #"#"#######"#### ""?????????? | | ########### # #?##??? ?????????? | | ????????# #""" #??????? "" ????????? | | ????????# #""" #???????? "" ???????? | | ????????# #""" #######???""?????????? | | ????????# # =# #??????????????? | | ????????# #""" # """ #??????????????? | | ???#########+####""" # """ #??????????????? | | ???# #""" # """ #??????????????? | | ???# # " #??????????????? | | ???# """ """ ########## +??????????????? | | ???# """ """ #???????##! ""#??????????????? | | ???# """ """ #????????# ""#??????????????? | | ???# #????????# T"#??????????????? | | ???# """ """ #????????# ""#??????????????? | | ???# """ """ #????????# ! ""#??????????????? | | ???# """ """ #????????# %% #??????????????? | | ???# #????????###"%##??????????????? | +----------------------------------------------------+ Best States ------------- Heat Dissipation 110 Energy Generation 29 Energy Capacity 315 Matter Stores 300 Matter Capacity 300 Sight Range 16 Terrain Scan Density 10 ECM Strength 2 Power Amplification 30 Armor Coverage 450 Resistance: TH 30 Evasion (%) 64 Targeting Accuracy 14 Target Analysis 6 Recoil Reduction 1 Energy Filtering 30 Item Schematics ----------------- Assault Drone Bay | -5/Zhirov | Free Exp. Heat Sink | -5/Zhirov | Free Exp. Optical Array | -5/Zhirov | Free Imp. Arc Thrower | -5/Zhirov | Free Robot Schematics ------------------ None Fabricated ------------ Lgt. Quantum Reactor | x2 | -5/Factory | Preloaded Alien Tech Used ----------------- Integrated Dissipator Achievements -------------- None Challenges ------------ None Game ------ Seed ShieldElectronMantle Manual? 0 Play Time 01:07:58 Cumulative 118.9 hours Start 2021.08.23 @ 15:13:26 End 2021.08.23 @ 16:19:20 Sessions 1 Manual Loads 0 Difficulty Rogue Special Mode None Game No. 76 Rogue 76 Adventurer 0 Explorer 0 Win Type - Total 1 Types 1/0/0/0/0/0/0/0/0 Lore% 49 Gallery% 65 Achievement% 43 Wizard Run 0 Options --------- ASCII 0 Keyboard 1 Movement Numpad Keybinds 0 Fullscreen 1 Font 18/SmallcapsGlow Map View 76x50 Tactical HUD 1 Map Filters NONE Filters NONE Steam 1 RUN: 2e0480ac-681d-42bf-ab75-14214e9d901d